AoeStats
← powerkek

Arena

509314261Analyzed
4v4 RM · 5d ago on Sep 26, 2026· 60m 9s· 8 players
Game mode
Random Map
Map size
Large (8 player)
Population
200
Speed
Normal
Resources
Standard
Victory
Conquest
Starting age
Dark Age
Ending age
Imperial Age
RankedLock teamsTeams togetherTeam positionsShared explorationLock speedFull tech treeHidden civsTurbo modeCheats
Victory
Defeat
🇨🇳 Britons · China
1051
+12
🇹🇼 Byzantines · Taiwan
1046
+12
🇹🇼 Khmer · Taiwan
1036
+13
🇹🇼 Slavs · Taiwan
983
+14
🇵🇱 Teutons · Poland
977
-14
🇸🇰 Khmer · Slovakia
975
-13
🇸🇰 Burmese · Slovakia
968
-13
🇺🇦 Inca · Ukraine
924
-11
Black Kite
12:49 Feudal Age
15:30 Wheelbarrow
17:29 Castle Age
17:14 Double-Bit Axe
17:11 Horse Collar
22:32 Bow Saw
22:35 Heavy Plow
24:46 Stone Mining
27:55 Detinets
28:39 Gold Mining
28:41 Man-at-Arms
30:03 Long Swordsman
31:11 Squires
30:32 Pikeman
31:58 Forging
31:43 Town Watch
32:15 Hand Cart
31:48 Loom
33:13 Scale Mail Armor
34:22 Town Patrol
34:54 Chain Mail Armor
38:28 Imperial Age
38:34 Pikeman
38:48 Two-Handed Swordsman
40:24 Iron Casting
41:53 Crop Rotation
42:26 Blast Furnace
40:58 Champion
43:19 Plate Mail Armor
46:51 Champion
47:04 Halberdier
49:00 Plate Mail Armor
49:27 Gold Shaft Mining
51:46 Two-Man Saw
53:01 Conscription
52:43 Druzhina
capybara56
11:16 Feudal Age
15:13 Castle Age
12:59 Loom
16:05 Double-Bit Axe
16:04 Horse Collar
20:53 Pikeman
23:04 Squires
25:12 Fletching
25:28 Scale Barding Armor
27:37 Elite Skirmisher
28:37 Bow Saw
28:35 Heavy Plow
29:35 Bodkin Arrow
29:41 Scale Mail Armor
33:00 Arson
37:07 Imperial Age
37:25 Wheelbarrow
37:14 Chain Mail Armor
37:09 Forging
40:18 Halberdier
41:33 Chain Barding Armor
41:44 Plate Mail Armor
41:50 Iron Casting
41:19 Bracer
42:23 Two-Man Saw
42:21 Gold Mining
42:22 Stone Mining
42:36 Padded Archer Armor
44:27 Conscription
44:05 Treadmill Crane
44:46 Hand Cart
44:59 Husbandry
44:19 Light Cavalry
45:58 Hussar
49:02 Chain Barding Armor
56:06 Hoardings
56:47 Cavalier
60:41 Plate Barding Armor
sususu
10:29 Feudal Age
12:14 Double-Bit Axe
12:47 Loom
13:18 Horse Collar
15:44 Castle Age
18:51 Wheelbarrow
22:18 Heavy Plow
23:05 Bow Saw
24:49 Gold Mining
25:22 Crossbowman
26:44 Fletching
26:55 Padded Archer Armor
28:03 Heated Shot
28:36 Ballistics
29:03 Hand Cart
28:55 Bodkin Arrow
29:16 Leather Archer Armor
30:38 Yeomen
33:20 Imperial Age
30:50 Town Watch
32:39 Gambesons
32:18 Pikeman
34:09 Squires
33:56 Arson
33:46 Arbalester
35:31 Chemistry
34:33 Bracer
35:04 Ring Archer Armor
35:14 Gold Shaft Mining
36:44 Conscription
36:59 Halberdier
39:07 Forging
38:57 Scale Mail Armor
42:05 Warwolf
43:14 Iron Casting
42:55 Chain Mail Armor
53:21 Two-Man Saw
Heisenberg5566
10:16 Feudal Age
15:04 Castle Age
13:26 Double-Bit Axe
13:42 Horse Collar
18:06 Bow Saw
17:58 Heavy Plow
18:00 Loom
19:09 Stone Mining
22:51 Gold Mining
24:33 Wheelbarrow
29:04 Imperial Age
27:59 Stone Shaft Mining
28:03 Gold Shaft Mining
28:29 Town Watch
29:15 Scale Barding Armor
29:20 Forging
30:02 Ballistics
29:47 Town Patrol
30:21 Hand Cart
30:13 Husbandry
30:28 Bloodlines
30:50 Conscription
32:52 Double Crossbow
32:40 Elite Ballista Elephant
33:58 Chain Barding Armor
34:14 Iron Casting
37:13 Iron Casting
40:46 Coinage
40:52 Plate Barding Armor
41:18 Blast Furnace
41:21 Chemistry
40:32 Masonry
40:33 Fortified Wall
42:29 Banking
42:50 Crop Rotation
44:59 Hoardings
49:12 Scale Mail Armor
powerkek
11:20 Feudal Age
10:38 Loom
12:47 Wheelbarrow
16:01 Castle Age
13:48 Horse Collar
14:24 Scale Mail Armor
16:07 Loom
16:14 Pikeman
18:14 Forging
18:33 Heavy Plow
18:30 Gold Mining
20:43 Fervor
21:14 Squires
21:45 Hand Cart
21:14 Man-at-Arms
22:56 Gold Shaft Mining
23:18 Sanctity
23:21 Chain Mail Armor
24:18 Stone Mining
26:13 Redemption
29:20 Imperial Age
27:21 Fletching
27:24 Town Watch
27:51 Masonry
27:59 Fortified Wall
27:31 Long Swordsman
29:18 Gambesons
30:20 Block Printing
30:25 Two-Handed Swordsman
33:09 Chemistry
32:41 Illumination
32:21 Champion
32:47 Arson
33:33 Atonement
34:09 Siege Engineers
36:28 Conscription
38:48 Crop Rotation
40:01 Plate Mail Armor
40:06 Iron Casting
40:17 Iron Casting
43:11 Capped Ram
54:21 Manipur Cavalry
54:29 Scale Barding Armor
55:24 Blast Furnace
53:51 Light Cavalry
54:42 Bloodlines
54:32 Husbandry
54:46 Bloodlines
54:42 Husbandry
55:51 Hussar
57:39 Chain Barding Armor
58:32 Heavy Scorpion
59:38 Ballistics
59:31 Masonry
Iraqi Fairy Queen
9:50 Loom
11:36 Feudal Age
15:42 Castle Age
14:07 Double-Bit Axe
19:32 Fletching
20:01 Pikeman
22:11 Wheelbarrow
22:07 Horse Collar
23:02 Bodkin Arrow
23:08 Padded Archer Armor
24:02 Bow Saw
24:30 Husbandry
24:41 Bloodlines
29:47 Gold Mining
33:25 Imperial Age
31:55 Gold Shaft Mining
32:26 Forging
32:22 Scale Barding Armor
34:49 Onager
37:34 Iron Casting
37:20 Chain Barding Armor
40:08 Blast Furnace
47:49 Masonry
48:03 Siege Engineers
\mayre/
9:43 Feudal Age
7:59 Loom
10:07 Horse Collar
10:13 Double-Bit Axe
14:26 Forging
14:16 Scale Mail Armor
14:26 Gold Mining
15:17 Stone Mining
20:10 Castle Age
17:54 Champi Runner
19:10 Arson
21:08 Heavy Plow
21:18 Bow Saw
22:27 Iron Casting
22:15 Champi Warrior
22:55 Squires
23:20 Town Watch
26:18 Chain Mail Armor
26:32 Squires
29:03 Gold Shaft Mining
32:09 Stone Shaft Mining
34:56 Imperial Age
33:09 Wheelbarrow
34:43 Treadmill Crane
35:13 Masonry
34:59 Murder Holes
35:02 Elite Champi Warrior
37:13 Hand Cart
38:31 Chemistry
38:46 Town Patrol
39:51 Blast Furnace
39:22 Plate Mail Armor
38:57 Heavy Scorpion
40:23 Conscription
40:58 Crop Rotation
42:22 Plate Mail Armor
43:02 Fabric Shields
43:38 Hoardings
44:46 Caravan
45:16 Coinage
45:00 Guilds
48:04 Elite Kamayuk
55:38 Pikeman
57:15 Halberdier
Helenka
11:38 Feudal Age
19:23 Castle Age
17:54 Double-Bit Axe
21:27 Wheelbarrow
20:38 Loom
22:19 Horse Collar
28:07 Gold Mining
28:18 Stone Mining
31:08 Imperial Age
30:04 Hand Cart
29:51 Heavy Plow
34:39 Crop Rotation
34:23 Forging
34:19 Scale Barding Armor
33:39 Cavalier
34:30 Bloodlines
34:34 Bow Saw
35:02 Stone Shaft Mining
34:47 Fortified Wall
34:48 Masonry
35:25 Chain Barding Armor
35:41 Iron Casting
36:16 Two-Man Saw
35:18 Paladin
36:42 Plate Barding Armor
37:23 Blast Furnace
47:29 Ironclad
47:30 Conscription
50:22 Scale Mail Armor
49:46 Pikeman
50:11 Gambesons
50:27 Squires
50:12 Arson
50:42 Halberdier
51:40 Chain Mail Armor
54:44 Onager
56:02 Siege Onager
Connection lost

Rejoining the realm…

Still unreachable

The connection could not be restored.

Session expired

The server has moved on; the page needs a fresh start.